 Dungeon Crawl Stone Soup version 0.16-a0-3722-g5e7e3b6 (webtiles) character file.

42 DEFE the Charmwright (level 3, -2/24 HPs)
             Began as a High Elf Skald on Jan 21, 2015.
             Slain by Jessica (3 damage)
             ... on level 2 of the Dungeon.
             The game lasted 00:03:03 (2297 turns).

DEFE the Charmwright (High Elf Skald)               Turns: 2297, Time: 00:03:03

Health: -2/24      AC:  3    Str: 14    XL:     3   Next: 33%
Magic:  9/9        EV: 12    Int: 15    God:
Gold:   62         SH:  0    Dex: 15    Spells: 2 memorised, 5 levels left

rFire  . . .     SeeInvis .     a - +0 falchion
rCold  . . .     Clarity  .     b - +0 leather armour
rNeg   . . .     SustAb   .     (no shield)
rPois  .         Gourm    .     (no helmet)
rElec  .         Spirit   .     (no cloak)
rCorr  .         Warding  .     (no gloves)
rMut   .         Stasis   .     (no boots)
MR     .....                    (no amulet)
Stlth  +.........               (no ring)
                                f - +2 ring of strength

@: slowed, very slow, not resistant to hostile enchantments, very unstealthy
A: no striking features
a: no special abilities


You were on level 2 of the Dungeon.
You were not hungry.

You visited 1 branch of the dungeon, and saw 2 of its levels.

You collected 62 gold pieces.

Inventory:

Hand weapons
 a - a +0 falchion (weapon)
Armour
 b - a +0 leather armour (worn)
Jewellery
 f - a +2 ring of strength (left hand)
Scrolls
 g - a scroll of identify {unknown}
 h - a scroll of noise {unknown}
 i - a scroll of magic mapping {unknown}
 j - a scroll of amnesia {unknown}
 k - a scroll of enchant armour {unknown}
 l - a scroll of recharging {unknown}
 m - a scroll of random uselessness {unknown}
 o - a scroll of immolation {unknown}
 p - a scroll of teleportation {unknown}
Potions
 e - a potion of magic
Books
 c - a book of Battle

   Spells                             Type                      Level
   a - Infusion                       Charms                       1
   b - Shroud of Golubria             Charms/Translocation         2
   c - Song of Slaying                Charms                       2
   d - Spectral Weapon                Hexes/Charms                 3
   e - Regeneration                   Charms/Necromancy            3
Comestibles
 d - 2 bread rations


   Skills:
 + Level 2.0 Fighting
 + Level 2.8 Long Blades
 + Level 1.2 Armour
 + Level 1.5 Dodging
 + Level 3.0 Spellcasting
 + Level 4.2 Charms


You had 5 spell levels left.
You knew the following spells:

 Your Spells              Type           Power        Failure   Level  Hunger
a - Infusion              Chrm           ##....       6%          1    #......
b - Shroud of Golubria    Chrm/Tloc      #.........   17%         2    ##.....


Dungeon Overview and Level Annotations

Branches:
Dungeon (2/15)

Altars:

Annotations:
D:2 Jessica, Sigmund


Message History

You barely miss Jessica.
Jessica is severely wounded.
Jessica points at you and mumbles some strange words.
Pain shoots through your body! Jessica hits you.
* * * LOW HITPOINT WARNING * * *
Jessica hits you.
* * * LOW HITPOINT WARNING * * *
Drink which item? (? for menu, Esc to quit)
Okay, then.
You closely miss Jessica.
Jessica is severely wounded.
Jessica completely misses you. Jessica barely misses you.
You hit Jessica but do no damage.
Jessica is severely wounded.
Jessica hits you.
* * * LOW HITPOINT WARNING * * *
Jessica gestures wildly while chanting.
Jessica blinks!
Jessica hits you.
You die...

#.## #... #### # #
#.## #############
# ..###...........#
# #.#@##########.#
# #####@## #.# #
#.....# #.# #
#.###..# ####[#####
#.<.. ##.........
#..#.####...#######
..................#
#####.###...#####.#
# ##...#


You could see Jessica.

Vanquished Creatures
  3 giant geckos (D:1)
  3 oozes
  6 bats
  3 goblins
  7 hobgoblins
  4 kobolds
  A quokka (D:2)
  A ball python (D:1)
  A giant cockroach (D:2)
  2 giant newts (D:1)
  4 rats (D:1)
35 creatures vanquished.

Notes
Turn   | Place    | Note
--------------------------------------------------------------
     0 | D:1      | DEFE, the High Elf Skald, began the quest for the Orb.
     0 | D:1      | Reached XP level 1. HP: 14/14 MP: 4/4
   168 | D:1      | Reached skill level 1 in Armour
   291 | D:1      | Reached XP level 2. HP: 17/19 MP: 6/6
   536 | D:1      | Reached skill level 4 in Charms
  1451 | D:2      | Reached XP level 3. HP: 17/24 MP: 8/8
  1830 | D:2      | Noticed Sigmund
  2241 | D:1      | Learned a level 2 spell: Shroud of Golubria
  2284 | D:2      | Noticed Jessica
  2296 | D:2      | HP: 1/24 [Jessica (4)]
  2297 | D:2      | Slain by Jessica

Action                   || total
-------------------------++-------
Melee: Falchion          ||   153
  Use: Potion            ||     3
  Eat: Chunk             ||     2
       Meat ration       ||     1
